 Dungeon Crawl Stone Soup version 0.19.5 (webtiles) character file.

161 Gargoyl the Skirmisher (level 5, -9/46 HPs)
             Began as a Ghoul Abyssal Knight on Mar 20, 2017.
             Was a Believer of Lugonu.
             Mangled by an ogre
             ... wielding a +0 giant spiked club
              (20 damage)
             ... on level 3 of the Dungeon.
             The game lasted 00:06:13 (2636 turns).

Gargoyl the Skirmisher (Ghoul Abyssal Knight)       Turns: 2636, Time: 00:06:14

Health: -9/46      AC: 12    Str: 21    XL:     5   Next: 42%
Magic:  6/6        EV:  6    Int:  7    God:    Lugonu [**....]
Gold:   180        SH:  0    Dex:  9    Spells: 0 memorised, 4 levels left

rFire  . . .     SeeInvis .     v - +0 war axe
rCold  + . .     Gourm    .     d - +0 plate armour
rNeg   + + +     Faith    .     (no shield)
rPois  ∞         Spirit   .     p - +0 helmet
rElec  .         Reflect  .     (no cloak)
rCorr  .         Harm     .     (no gloves)
MR     .....                    (no boots)
Stlth  ..........               (no amulet)
                                (no ring)
                                (no ring)

@: mighty, rotting
A: rotting body, claws 1, carnivore 3, cold resistance 1, negative energy
resistance 3, slow regeneration 1, torment resistance, unbreathing
a: Depart the Abyss, Bend Space, Renounce Religion


You were on level 3 of the Dungeon.
You worshipped Lugonu.
Lugonu was pleased with you.
You were not hungry.

You visited 1 branch of the dungeon, and saw 3 of its levels.
You visited the Abyss 1 time.

You collected 180 gold pieces.

Inventory:

Hand Weapons
 a - a +1 hand axe
 v - a +0 war axe (weapon)
Armour
 d - a +0 plate armour (worn)
 p - a +0 helmet (worn)
Scrolls
 h - 6 scrolls of remove curse {unknown}
 i - 5 scrolls of identify {unknown}
 j - a scroll of blinking {unknown}
 r - a scroll of recharging {unknown}
Potions
 e - a potion of heal wounds {unknown}
 k - a potion of agility {unknown}
 l - 2 potions of might
 m - 2 potions of berserk rage {unknown}
 n - 2 potions of invisibility {unknown}
 o - 2 potions of degeneration {unknown}
 q - a potion of haste {unknown}
 t - a potion of beneficial mutation {unknown}
Books
 s - a book of Minor Magic

   Spells                             Type                      Level
   a - Magic Dart                     Conjuration                  1
   b - Blink                          Translocation                2
   c - Call Imp                       Summoning                    2
   d - Repel Missiles                 Charms/Air                   2
   e - Slow                           Hexes                        2
   f - Conjure Flame                  Conjuration/Fire             3
   g - Mephitic Cloud                 Conjuration/Poison/Air       3
Comestibles
 b - 2 beef jerkies
 c - 5 meat rations
 f - a chunk of flesh
 g - a royal jelly


   Skills:
 + Level 4.0 Fighting
 + Level 2.9 Axes
 * Level 3.2 Armour
 + Level 1.2 Dodging
 * Level 3.0 Invocations


You had 4 spell levels left.
You didn't know any spells.

Dungeon Overview and Level Annotations

Branches:
Dungeon (3/15)

Altars:
Okawaru


Innate Abilities, Weirdness & Mutations

Your body is rotting away.
You thrive on raw meat.
You are immune to poison.
You have sharp fingernails.
You are carnivorous and can eat meat at any time.
Your flesh is cold resistant. (rC+)
You are immune to negative energy. (rN+++)
You regenerate slowly when monsters are visible.
You are immune to unholy pain and torment.
You can survive without breathing.


Message History

You start resting.
Some of the chunks of flesh in your inventory have rotted away. x2
HP restored.
Okay, then.
You feel very mighty all of a sudden.
You climb downwards.
The ogre hits you with a giant spiked club!!
There is a stone staircase leading up here.
You barely miss the ogre.
The ogre hits you with a giant spiked club!
Your plate armour prevents you from hitting the ogre.
The ogre closely misses you.
You slash the ogre!
The ogre is heavily wounded.
The ogre hits you with a giant spiked club!
* * * LOW HITPOINT WARNING * * *
You barely miss the ogre.
The ogre is heavily wounded.
The ogre hits you with a giant spiked club!!
You die...

..........)............# #.##.#
######################.# #.##.#
.....÷...............#.# #.##.###
#############....###.#.# #.......
.................# #.#.# #.......
#############....# #.#.# #.......
#############....###.#.# #.##.###
................O....#.# #.##.###
####>....###....@#####.###.##....
...(......##................#....
###....#..##...........###..#....
# #....##.##.....####### #..#....
# #....##.##.....# #######..#....
# ##.####..#.#.#####.(......#....
# ##.####..#.#.........####.#.###
# #..............................
# #..######..#....##.#..#.#.#####


You could see an ogre.

Vanquished Creatures
  Ijyb (D:2)
  5 adders
  An ooze (D:1)
  3 worms (D:2)
  3 dart slugs
  4 leopard geckos
  An orc (D:2)
  4 giant cockroaches
  6 goblins
  5 hobgoblins
  3 jackals (D:3)
  2 quokkas
  A ball python (D:3)
  9 bats
  7 frilled lizards
  11 kobolds
  4 rats
70 creatures vanquished.

Notes
Turn   | Place    | Note
-------+----------+-------------------------------------------
     0 | Abyss:1  | Gargoyl the Ghoul Abyssal Knight began the quest for the Orb.
     0 | Abyss:1  | Reached XP level 1. HP: 19/19 MP: 1/1
    30 | Abyss:2  | Found a corrupted altar of Lugonu.
    38 | Abyss:2  | Noticed a crimson imp
    38 | Abyss:2  | Noticed a crimson imp
    38 | Abyss:2  | Noticed a crimson imp
    38 | Abyss:2  | Noticed a crimson imp
    59 | D:1      | Escaped the Abyss
   108 | D:1      | Reached XP level 2. HP: 15/26 MP: 2/2
   256 | D:1      | Reached * piety under Lugonu
   522 | D:1      | Reached XP level 3. HP: 28/32 MP: 3/3
   931 | D:2      | Noticed Ijyb
   968 | D:2      | Reached skill level 1 in Dodging
   979 | D:2      | Killed Ijyb
   979 | D:2      | Reached XP level 4. HP: 29/40 MP: 4/4
  1232 | D:2      | Found an iron altar of Okawaru.
  1423 | D:2      | Found a faded altar of an unknown god.
  1626 | D:2      | Reached XP level 5. HP: 44/46 MP: 6/6
  1893 | D:3      | Reached ** piety under Lugonu
  2274 | D:3      | Reached skill level 4 in Fighting
  2452 | D:3      | Noticed an ogre
  2636 | D:3      | Mangled by an ogre

Skill      XL: |  1  2  3  4  5 |
---------------+----------------+-----
Armour         | 2 3 |  3.2
Axes           | 2 |  2.9
Dodging        | 1 |  1.2
Invocations    | 3 |  3.0
Fighting       | 4 |  4.0

Action                   |  1- 3 |  4- 6 || total
-------------------------+-------+-------++-------
Melee: Hand axe          |   121 |   170 ||   291
       War axe           |       |    21 ||    21
Invok: Depart the Abyss  |     1 |       ||     1
  Use: Potion            |       |     1 ||     1
  Eat: Chunk             |    11 |    19 ||    30
Armor: Plate armour      |   122 |   191 ||   313
Dodge: Dodged            |    42 |    66 ||   108
